 Dungeon Crawl Stone Soup version 0.20.1-1-g8b1a95d (webtiles) character file.

149 polve the Chopper (level 5, 0/48 HPs)
             Began as a Hill Orc Fighter on July 13, 2017.
             Slain by an adder (4 damage)
             ... on level 4 of the Dungeon.
             The game lasted 00:03:21 (3167 turns).

polve the Chopper (Hill Orc Fighter)                Turns: 3167, Time: 00:03:21

Health: 0/48       AC:  6    Str: 19    XL:     5   Next: 31%
Magic:  5/5        EV:  7    Int:  8    God:
Gold:   65         SH:  9    Dex: 11    Spells: 4/4 levels left

rFire    . . .     SeeInvis .   a - +0 war axe
rCold    . . .     Gourm    .   c - +0 shield
rNeg     . . .     Faith    .   b - +0 scale mail
rPois    .         Spirit   .   (no helmet)
rElec    .         Reflect  .   (no cloak)
rCorr    .         Harm     .   (no gloves)
MR       .....                  (no boots)
Stlth    ..........             (no amulet)
Regen    0.2/turn               (no ring)
MPRegen  0.1/turn               (no ring)

@: no status effects
A: no striking features
a: no special abilities


You were on level 4 of the Dungeon.
You were not hungry.

You visited 2 branches of the dungeon, and saw 5 of its levels.

You collected 65 gold pieces.

Inventory:

Hand Weapons
 a - a +0 war axe (weapon)
Armour
 b - a +0 scale mail (worn)
 c - a +0 shield (worn)
Scrolls
 e - 2 scrolls of remove curse {unknown}
 g - a scroll of fog {unknown}
 i - 2 scrolls of recharging {unknown}
 m - 2 scrolls of immolation {unknown}
 o - 3 scrolls of teleportation {unknown}
 q - a scroll of magic mapping {unknown}
 r - a scroll of enchant weapon {unknown}
Potions
 d - 2 potions of might
 j - a potion of agility {unknown}
 k - a potion of lignification {unknown}
 n - 2 potions of curing {unknown}
 p - a potion of flight {unknown}
Comestibles
 f - 3 bread rations
 h - 3 meat rations
 l - a royal jelly
 s - 3 chunks of flesh
 t - 2 fruits


   Skills:
 + Level 5.0 Fighting
 * Level 5.9 Axes
 - Level 3.2 Armour
 - Level 3.2 Shields


You had 4 spell levels left.
You didn't know any spells.

Dungeon Overview and Level Annotations

Branches:
Dungeon (4/15)             Temple (1/1) D:4

Altars:
Ashenzari
Cheibriados
Dithmenos
Elyvilon
Fedhas
Gozag
Kikubaaqudgha
Makhleb
Nemelex Xobeh
Ru
Sif Muna
Vehumet
The Shining One

Annotations:
D:4 Robin


Message History

You barely miss the adder. You barely miss the ogre.
You block the adder's attack. The adder bites you but does no damage.
You block the ogre's attack.
You hit the ogre but do no damage.
Your shield and scale mail prevent you from hitting the adder.
The adder bites you but does no damage.
You slash the ogre!
The ogre is moderately wounded.
You slash the adder! You block the adder's attack.
The ogre hits you with a giant spiked club!!
Ouch! That really hurt!
* * * LOW HITPOINT WARNING * * *
The adder bites you but does no damage.
You hit the ogre.
The ogre is heavily wounded.
You miss the adder. You block the adder's attack.
The ogre hits you with a giant spiked club!!
* * * LOW HITPOINT WARNING * * *
The adder bites you.
You die...

. ...
##########.....
#....O.........
#.########.....
#.###############
#................
#.#...#..S#...#..
#.......O@.......
###...#...#$..#..
#...............
################


You could see an ogre and an adder.

Vanquished Creatures
  A hound (Temple)
  2 adders (D:3)
  2 worms (D:3)
  A leopard gecko (D:1)
  9 orcs
  2 giant cockroaches
  19 goblins
  8 hobgoblins
  5 jackals (D:2)
  A quokka (D:3)
  A ball python (D:1)
  7 bats
  4 frilled lizards
  5 kobolds
  10 rats
77 creatures vanquished.

Notes
Turn   | Place    | Note
-------+----------+-------------------------------------------
     0 | D:1      | polve the Hill Orc Fighter began the quest for the Orb.
     0 | D:1      | Reached XP level 1. HP: 19/19 MP: 1/1
   137 | D:1      | Reached XP level 2. HP: 27/27 MP: 2/2
   869 | D:2      | Reached XP level 3. HP: 20/33 MP: 3/3
  1429 | D:2      | Found a glowing golden altar of the Shining One.
  1653 | D:3      | Reached XP level 4. HP: 39/41 MP: 4/4
  1893 | D:3      | Reached skill level 5 in Axes
  2143 | D:3      | Found a shattered altar of Ashenzari.
  2548 | D:3      | Found a deep blue altar of Sif Muna.
  2629 | D:4      | Found a staircase to the Ecumenical Temple.
  2678 | Temple   | Entered the Ecumenical Temple
  2721 | Temple   | Reached XP level 5. HP: 39/47 MP: 5/5
  2934 | D:4      | Noticed Robin
  2936 | D:4      | Reached skill level 5 in Fighting
  3144 | D:4      | Noticed an ogre
  3167 | D:4      | Slain by an adder

Skill      XL: |  1  2  3  4  5 |
---------------+----------------+-----
Axes           | 3 4 5 |  5.9
Fighting       | 4 5 |  5.0
Armour         | |  3.2
Shields        | |  3.2

Action                   |  1- 3 |  4- 6 || total
-------------------------+-------+-------++-------
Melee: War axe           |   146 |   109 ||   255
  Eat: Chunk             |     3 |     5 ||     8
Armor: Scale mail        |    55 |    66 ||   121
Dodge: Dodged            |    48 |    53 ||   101
Block: Shield            |    75 |    70 ||   145
